 Dungeon Crawl Stone Soup version 0.32-a0-656-g3542139ebd (webtiles) character file.

Game seed: 7235750586389199862

98 BubbleThief the Trooper (level 5, -5/43 HPs)
             Began as a Formicid Fighter on Mar 8, 2024.
             Slain by an orc
             ... wielding a +0 flail
              (7 damage)
             ... on level 2 of the Dungeon.
             The game lasted 00:02:39 (1398 turns).

BubbleThief the Trooper (Formicid Fighter)          Turns: 1398, Time: 00:02:39

Health: -5/43      AC:  6    Str: 23    XL:     5   Next: 0%
Magic:  5/5        EV:  9    Int:  7    God:
Gold:   98         SH:  5    Dex: 13    Spells: 4/4 levels left

rFire   . . .        a - +0 war axe
rCold   . . .        c - +0 buckler
rNeg    . . .        b - +0 scale mail
rPois   .            (helmet unavailable)
rElec   .            (no cloak)
rCorr   .            (no gloves)
SInv    +            (no boots)
Will    .....        (no amulet) Stlth
                     (no ring)
HPRegen 0.27/turn    (no ring)
MPRegen 0.09/turn

%: no passive effects
@: no status effects
A: permanent stasis, dig shafts and tunnels, antennae 3, four strong arms
a: Dig, Shaft Self


You were on level 2 of the Dungeon.
You visited 1 branch of the dungeon, and saw 3 of its levels.

You collected 98 gold pieces.

Inventory:

Hand Weapons
 a - a +0 war axe (weapon)
Missiles
 i - 2 throwing nets
Armour
 b - a +0 scale mail (worn)
 c - a +0 buckler (worn)
Scrolls
 f - a scroll of poison {unknown}
 g - a scroll of blinking {unknown}
 h - a scroll of teleportation {unknown}
 j - a scroll of noise {unknown}
 l - a scroll of immolation {unknown}
 m - 2 scrolls of identify {unknown}
 n - a scroll of fear {unknown}
 p - a scroll of fog {unknown}
 q - a scroll of revelation {unknown}
Potions
 d - a potion of might
 e - 3 potions of curing {unknown}
 k - a potion of ambrosia {unknown}
 o - 2 potions of heal wounds {unknown}


   Skills:
 + Level 4.7 Fighting
 + Level 3.6 Axes
 - Level 3.2 Armour
 - Level 4.0 Shields


You had 4 spell levels left.
You didn't know any spells.
Your spell library contained the following spells:

 Spells                   Type           Power      Damage    Failure   Level
 Frozen Ramparts          Ice            0%         1d1       99%         3
 Leda's Liquefaction      Alch/Erth      0%         N/A       100%        4
 Petrify                  Alch/Erth      0%         N/A       100%        4
 Lee's Rapid Deconstruct  Erth           0%         3d4*      100%        5
 Metabolic Englaciation   Hex/Ice        0%         N/A       100%        5
 Bombard                  Conj/Erth      0%         9d1       100%        6


Dungeon Overview and Level Annotations

Branches:
Dungeon (3/15)

Altars:


Innate Abilities, Weirdness & Mutations

You cannot be hasted, slowed, berserked, paralysed or teleported.
You can dig through walls and to a lower floor.
You have a pair of large antennae on your head. (SInv)
Your four strong arms can wield two-handed weapons with a shield.


Message History

You kill the kobold!
You hit the orc priest.
The orc priest is moderately wounded.
The orc priest misses you.
You slash the orc priest!
The orc priest is almost dead.
You block the orc priest's attack.
The orc priest calls down the wrath of Beogh upon you.
Pain shoots through your body!
The orc priest shouts, "Beogh offers mercy even to people such as you.
Join us and be reborn!" (press Y on the ability menu to convert to Beogh)
You closely miss the orc priest.
The orc priest is almost dead.
You slash the orc priest!
You kill the orc priest!
You barely miss the orc. The orc hits you with a +0 war axe!
Unknown command.
You are too injured to fight recklessly!
You are too injured to fight recklessly!
You are too injured to fight recklessly!
You slash the orc!
You kill the orc!
You have reached level 5!
The orc attacks as it pursues you! The orc hits you with a +0 flail.
An orc comes into view. It is wielding a +0 short sword.
The orc attacks as it pursues you! The orc hits you with a +0 flail!
* * * LOW HITPOINT WARNING * * *
There is a stone staircase leading up here.
The orc hits you but does no damage.
You climb upwards.
There is a stone staircase leading down here.
You barely miss the orc. The orc hits you with a +0 flail!
* * * LOW HITPOINT WARNING * * *
You hit the orc.
The orc is almost dead.
You block the orc's attack.
You closely miss the orc.
The orc is almost dead.
The orc hits you with a +0 flail!
You die...

.......# #..# ###...##.........#
.......####.####.#...##.#######.#
.................#...##.#.....#.#
........########.#...##.#.##..#.#
##......# #.#...##.#.#...#.#
##......# #.#...##...#...#.#
........# ######.#...######'###.#
##......###....o.............##.#
................@####..).....##.#
#########...####.# #........##.#
###...##+## #........##.#
#.#.....###...........#
#.##.....##........####
#.##.....##........#
###########.##......#....[...#
............##....#..........#
##############.....#.........#


You could see an orc.

Vanquished Creatures
  An orc priest (D:3)
  A dart slug (D:1)
  2 orcs (D:3)
  9 bats
  3 endoplasms
  5 giant cockroaches
  2 goblins
  8 hobgoblins
  4 jackals
  6 quokkas
  A ball python (D:1)
  3 frilled lizards
  6 kobolds
  7 rats
58 creatures vanquished.

Notes
Turn   | Place    | Note
-------+----------+-------------------------------------------
     0 | D:1      | BubbleThief the Formicid Fighter began the quest for the
                  | Orb.
     0 | D:1      | Reached XP level 1. HP: 18/18 MP: 1/1
   154 | D:1      | Reached XP level 2. HP: 18/24 MP: 2/2
   351 | D:1      | Reached XP level 3. HP: 30/30 MP: 3/3
   927 | D:2      | Reached XP level 4. HP: 37/37 MP: 4/4
  1391 | D:3      | Reached XP level 5. HP: 19/43 MP: 5/5
  1396 | D:2      | HP: 1/43 [orc/+0 flail (7)]
  1398 | D:2      | Slain by an orc

Illustrated notes

Levels and vault maps discovered:
D:1:      evilmike_arrival_hilbert_curve, layout_loops_ring
D:2:      layout_basic, grunt_ministairs_15
D:3:      layout_loops_ring, chequers_ecumenical_altar_simple,
          grunt_ministairs_13, skrybe_limestone_x

Skill      XL: |  1  2  3 |
---------------+----------+-----
Fighting       | 4 |  4.7
Axes           | 3 |  3.6
Armour         | |  3.2
Shields        | |  4.0

Action                     |  1- 3 |  4- 6 || total
---------------------------+-------+-------++-------
  Melee: War axe           |   111 |    47 ||   158
 Armour: Scale mail        |    96 |    39 ||   135
  Dodge: Dodged            |    55 |    21 ||    76
  Block: Buckler           |    43 |    14 ||    57

Table legend: (Time is in decaauts)
 A = Elapsed time spent in this place.
 B = Non-inter-level travel time spent in this place.
 C = Inter-level travel time spent in this place.
 D = Time resting spent in this place.
 E = Time spent auto-exploring this place.
 F = Levels seen in this place.
 G = Mean time per level.
                   A        B        C        D        E       F      G
               +--------+--------+--------+--------+--------+-----+--------+
         Total |   1459 |   1404 |     55 |      0 |   1017 |   3 |  486.3 |
       Dungeon |   1459 |   1404 |     55 |      0 |   1017 |   3 |  486.3 |
               +--------+--------+--------+--------+--------+-----+--------+

Top non-repeatable levels by time:
     D:1: 828 daAuts
     D:2: 588 daAuts
     D:3: 42 daAuts
